 Dungeon Crawl Stone Soup version 0.23-a0-241-g3b46b07 (webtiles) character file.

120 galech the Covered (level 4, -6/35 HPs)
             Began as a Demonspawn Fighter on Sept 26, 2018.
             Killed by divine providence
             ... invoked by an orc priest
              (14 damage)
             ... on level 3 of the Dungeon.
             The game lasted 00:02:15 (2220 turns).

galech the Covered (Demonspawn Fighter)             Turns: 2220, Time: 00:02:15

Health: -6/35      AC:  8    Str: 16    XL:     4   Next: 75%
Magic:  4/4        EV: 10    Int:  9    God:
Gold:   119        SH:  7    Dex: 14    Spells: 3/3 levels left

rFire    . . .     SeeInvis .   a - +0 war axe
rCold    . . .     Gourm    .   k - +2 buckler
rNeg     . . .     Faith    .   b - +0 scale mail
rPois    .         Spirit   .   (no helmet)
rElec    .         Reflect  .   i - +0 cloak
rCorr    .         Harm     .   (no gloves)
MR       +....                  (no boots)
Stlth    ..........             (no amulet)
HPRegen  0.11/turn              g - ring of protection from magic
MPRegen  0.09/turn              (no ring)

@: lethally poisoned (-6 -> -10)
A: claws 1, sturdy frame 2
a: no special abilities


You were on level 3 of the Dungeon.
You were hungry.

You visited 1 branch of the dungeon, and saw 3 of its levels.

You collected 119 gold pieces.

Inventory:

Hand Weapons
 a - a +0 war axe (weapon)
Armour
 b - a +0 scale mail (worn)
 c - a +0 shield
 i - a +0 cloak (worn)
 k - a +2 buckler (worn)
Jewellery
 g - a ring of protection from magic (left claw)
Scrolls
 e - a scroll of random uselessness
 l - a scroll of amnesia {unknown}
 n - a scroll of teleportation
 p - a scroll of enchant armour
Potions
 d - a potion of might
 h - 2 potions of ambrosia {unknown}
 j - a potion of curing {unknown}
 m - a potion of lignification {unknown}
 q - a potion of heal wounds {unknown}
 r - a potion of berserk rage {unknown}
Comestibles
 f - 3 rations
 o - 6 chunks of flesh


   Skills:
 + Level 3.4 Fighting
 + Level 3.1 Axes
 + Level 3.5 Armour
 + Level 0.6 Dodging
 + Level 3.0 Shields


You had 3 spell levels left.
You didn't know any spells.
Your spell library was empty.

Dungeon Overview and Level Annotations

Branches:
Dungeon (3/15)

Altars:


Innate Abilities, Weirdness & Mutations

You have sharp fingernails.
Your movements are less encumbered by armour. (ER -4)


Message History

You are too injured to fight recklessly!
You barely miss the orc. The orc misses you.
You hit the orc.
You kill the orc!
You hit the orc priest.
The orc priest is almost dead.
You block the orc priest's attack.
The orc priest hits you but does no damage.
You are poisoned.
You completely miss the orc priest.
The orc priest is almost dead.
You feel sick.
The orc priest calls down the wrath of Beogh upon you.
You resist with some effort.
You closely miss the orc priest.
The orc priest is almost dead.
You feel sick.
The orc priest calls down the wrath of Beogh upon you.
Beogh smites you!
You die...

#.# ##### #.# #.... #.# #.###
#.# #.#..
.########.###############.#.#
.......(..(.((...............
.########.###############.#.#
######.########## #.#.#
..........@oo..... #.#..
#######.########## #.### #.#
#.... #.# ##### #.# #.# ...
..


You could see an orc priest and an orc.

Vanquished Creatures
  An orc wizard (D:3)
  4 adders
  A dart slug (D:1)
  5 orcs (D:3)
  A ball python (D:2)
  2 bats (D:1)
  4 giant cockroaches
  6 goblins
  8 hobgoblins
  2 jackals (D:1)
  5 frilled lizards
  6 kobolds
  7 rats
52 creatures vanquished.

Notes
Turn   | Place    | Note
-------+----------+-------------------------------------------
     0 | D:1      | galech the Demonspawn Fighter began the quest for the Orb.
     0 | D:1      | Reached XP level 1. HP: 18/18 MP: 1/1
    94 | D:1      | Gained mutation: Your movements are slightly less
                  | encumbered by armour. (ER -2) [demonic ancestry]
    94 | D:1      | Reached XP level 2. HP: 15/24 MP: 2/2
   623 | D:1      | Gained mutation: You have sharp fingernails. [demonic
                  | ancestry]
   623 | D:1      | Reached XP level 3. HP: 26/29 MP: 3/3
  1424 | D:2      | Gained mutation: Your movements are less encumbered by
                  | armour. (ER -4) [demonic ancestry]
  1424 | D:2      | Reached XP level 4. HP: 35/35 MP: 4/4
  2220 | D:3      | Killed from afar by an orc priest

Vault maps used:
D:1:      minmay_arrival_glassed_features
D:2:      first_ration
D:3:      gammafunk_ghost_cemetery, uniq_ijyb

Skill      XL: |  1  2  3  4 |
---------------+-------------+-----
Axes           | 2 3 |  3.1
Armour         | 3 |  3.5
Shields        | 3 |  3.0
Fighting       | |  3.4
Dodging        | |  0.6

Action                   |  1- 3 |  4- 6 || total
-------------------------+-------+-------++-------
Melee: War axe           |   128 |    57 ||   185
  Use: Scroll            |       |     5 ||     5
  Eat: Chunk             |     2 |     2 ||     4
Armor: Scale mail        |    61 |    12 ||    73
Dodge: Dodged            |    60 |    31 ||    91
Block: Shield            |    60 |       ||    60
       Buckler           |    21 |    22 ||    43

Table legend:
 A = Non-vault XP
 B = Vault XP
 C = Vault XP percentage of total XP
 D = Non-vault monster count
 E = Vault monster count
 F = Vault count percentage of total count
                 A         B        C        D         E       F
            +---------+---------+-------+---------+---------+-------
      Total |     172 |       0 |   0.0 |      52 |       0 |   0.0
            +---------+---------+-------+---------+---------+-------
        D:1 |      49 |       0 |   0.0 |      29 |       0 |   0.0
        D:2 |      56 |       0 |   0.0 |      14 |       0 |   0.0
        D:3 |      67 |       0 |   0.0 |       9 |       0 |   0.0
            +---------+---------+-------+---------+---------+-------
